 Dungeon Crawl Stone Soup version 0.17.0-27-g4a3f43e (webtiles) character file.

305 MrTails the Chopper (level 6, -7/56 HPs)
             Began as a Minotaur Berserker on Nov 22, 2015.
             Was a Priest of Trog.
             Mangled by a gnoll
             ... wielding a +2 spear of venom
              (8 damage)
             ... on level 3 of the Dungeon.
             The game lasted 00:10:09 (2093 turns).

MrTails the Chopper (Minotaur Berserker)            Turns: 2093, Time: 00:10:09

Health: -7/56      AC:  7    Str: 23    XL:     6   Next: 16%
Magic:  14/14      EV: 11    Int:  4    God:    Trog [***...]
Gold:   167        SH:  0    Dex: 10    Spells: 0 memorised, 5 levels left

rFire  . . .     SeeInvis .     a - +0 hand axe
rCold  . . .     Clarity  .     d - +0 ring mail
rNeg   . . .     SustAt   .     (no shield)
rPois  .         Gourm    .     (helmet restricted)
rElec  .         Spirit   .     q - +0 cloak
rCorr  .         Warding  .     (no gloves)
rMut   .         Stasis   .     (no boots)
MR     .....                    (no amulet)
Stlth  ..........               (no ring)
                                m - ring of magical power

@: lethally poisoned (-7 -> -32), not resistant to hostile enchantments,
extremely unstealthy
A: retaliatory headbutt, horns 2
a: Berserk, Trog's Hand, Burn Spellbooks, Renounce Religion


You were on level 3 of the Dungeon.
You worshipped Trog.
Trog was most pleased with you.
You were not hungry.

You visited 1 branch of the dungeon, and saw 3 of its levels.

You collected 167 gold pieces.

Inventory:

Hand Weapons
 a - a +0 hand axe (weapon)
Armour
 d - a +0 ring mail (worn)
 q - a +0 cloak (worn)
Jewellery
 m - a ring of magical power (left hand)
 v - an uncursed amulet of stasis {unknown}
Wands
 s - a wand of slowing (2)
Scrolls
 b - a scroll of random uselessness {unknown}
 e - a scroll of enchant armour {unknown}
 f - a scroll of fear {unknown}
 i - a scroll of enchant weapon {unknown}
 k - a scroll of recharging {unknown}
 l - a scroll of amnesia {unknown}
 o - a scroll of remove curse {unknown}
 p - a scroll of immolation {unknown}
 r - a scroll of identify {unknown}
 t - a scroll of teleportation {unknown}
Potions
 h - 2 potions of haste
 n - 3 potions of curing {unknown}
 w - a potion of lignification {unknown}
 x - a potion of might {unknown}
Comestibles
 c - 6 bread rations
 j - 2 meat rations


   Skills:
 + Level 5.4 Fighting
 * Level 6.1 Axes
 + Level 4.4 Armour
 - Level 2.2 Dodging


You had 5 spell levels left.
You didn't know any spells.

Dungeon Overview and Level Annotations

Branches:
Dungeon (3/15)

Altars:


Innate Abilities, Weirdness & Mutations

You reflexively headbutt those who attack you in melee.
You have a pair of horns on your head.


Message History

You hit the gnoll.
The gnoll is lightly wounded.
You feel sick.
The gnoll hits you with a spear of venom.
* * * LOW HITPOINT WARNING * * *
You are more poisoned.
* * * LOW HITPOINT WARNING * * *
You feel very sick. The gnoll hits you but does no damage.
You are more poisoned.
* * * LOW HITPOINT WARNING * * *
You feel very sick.
* * * LOW HITPOINT WARNING * * *
You feel sick.
There is a stone staircase leading down here.
Eat which item? (? for menu, Esc to quit)
* * * LOW HITPOINT WARNING * * *
You feel sick.
The gnoll hits you from afar with a spear of venom!
You die...

#..#.#
#.##.≈≈.#8.÷.#####...###
#...## .#
##≈≈#####.######.##
##....# # ### #.##.....#
#...##.... . #........#
..)..##### ##.
#.##P.PP.# ......## ..#
#.##.P..## .......##
#.######.#.....####
.......+..
#................+
.......# #.
##@####.#.....####
......## #. ##.##
#.##.#.## ....!## #.#g##
#......# #..... #†)#
####.### ##+#.# ##.# #.#
#.# #.# #.# #.# #.# #.#
# ..# #.# # ### ##.## #


You could see a gnoll.

Vanquished Creatures
  Crazy Yiuf (D:2)
  An orc priest (D:3)
  Jessica (D:2)
  Natasha (D:3)
  Robin (D:3)
  2 gnolls (D:3)
  2 worker ant zombies (D:3)
  4 adders
  3 worms (D:2)
  2 adder zombies (D:3)
  8 orcs (D:3)
  2 ball pythons
  4 giant cockroaches
  18 goblins
  10 hobgoblins
  12 kobolds
  5 bats
  A giant cockroach zombie (D:3)
  A giant gecko (D:2)
  4 giant newts
  4 jackals (D:2)
  5 rats
  3 fungi (D:2)
95 creatures vanquished.

Notes
Turn   | Place    | Note
--------------------------------------------------------------
     0 | D:1      | MrTails the Minotaur Berserker began the quest for the Orb.
     0 | D:1      | Reached XP level 1. HP: 19/19 MP: 0/0
   126 | D:1      | Reached skill level 4 in Fighting
   152 | D:1      | Reached XP level 2. HP: 22/27 MP: 1/1
   769 | D:2      | Reached XP level 3. HP: 25/34 MP: 2/2
   818 | D:2      | Reached ** piety under Trog
   954 | D:2      | Noticed Jessica
   963 | D:2      | Killed Jessica
   963 | D:2      | Reached XP level 4. HP: 30/41 MP: 3/3
  1243 | D:2      | Noticed Crazy Yiuf
  1247 | D:2      | Killed Crazy Yiuf
  1247 | D:2      | Reached skill level 5 in Axes
  1303 | D:3      | Noticed Robin
  1312 | D:3      | Reached *** piety under Trog
  1313 | D:3      | Killed Robin
  1313 | D:3      | Reached skill level 5 in Fighting
  1313 | D:3      | Reached XP level 5. HP: 48/48 MP: 4/4
  1488 | D:3      | Noticed Natasha
  1496 | D:3      | Killed Natasha
  1776 | D:3      | Reached skill level 6 in Axes
  1780 | D:3      | Reached XP level 6. HP: 28/56 MP: 5/5
  2093 | D:3      | HP: 1/56 [poisoned by a gnoll]
  2093 | D:3      | Mangled by a gnoll

Action                   |  1- 3 |  4- 6 || total
-------------------------+-------+-------++-------
Melee: Hand axe          |    81 |   145 ||   226
Invok: Berserk           |       |     2 ||     2
  Eat: Beef jerky        |       |     2 ||     2
       Chunk             |       |     3 ||     3
       Fruit             |       |     1 ||     1
